 Dungeon Crawl Stone Soup version 0.24.0-1-gfbc8707 (webtiles) character file.

Game seed: 11798188414325225785, levelgen mode: deterministic

49 TheGoonsmith the Cudgeler (level 3, 0/19 HPs)
             Began as a Vine Stalker Berserker on Oct 28, 2019.
             Was a Follower of Trog.
             Slain by a hobgoblin (1 damage)
             ... on level 2 of the Dungeon.
             The game lasted 00:04:29 (2683 turns).

TheGoonsmith the Cudgeler (Vine Stalker Berserker)  Turns: 2683, Time: 00:04:30

Health: 0/19       AC:  3    Str: 20    XL:     3   Next: 75%
Magic:  0/4        EV: 11    Int:  7    God:    Trog [*.....]
Gold:   117        SH:  3    Dex: 13    Spells: 2/2 levels left

rFire    . . .     SeeInvis .   a - +0 mace
rCold    . . .     Gourm    .   g - +0 buckler
rNeg     . . .     Faith    .   b - +0 animal skin
rPois    .         Spirit   +   (no helmet)
rElec    .         Reflect  .   (no cloak)
rCorr    .         Harm     .   c - +0 pair of gloves (curse)
MR       .....                  (no boots)
Stlth    +.........             (no amulet)
HPRegen  0.06/turn              (no ring)
MPRegen  0.09/turn              (no ring)

@: starving
A: fangs 2, magic shield, antimagic bite, no potion heal 3, rot immunity
a: Berserk, Renounce Religion


You were on level 2 of the Dungeon.
You worshipped Trog.
Trog was aware of your devotion.
You were starving.

You visited 1 branch of the dungeon, and saw 2 of its levels.

You collected 117 gold pieces.

Inventory:

Hand Weapons
 a - a +0 mace (weapon)
Armour
 b - a +0 animal skin (worn)
 c - a cursed +0 pair of gloves (worn)
 g - a +0 buckler (worn)
Jewellery
 e - a +4 amulet of reflection {unknown}
Wands
 m - a wand of paralysis (5)
Scrolls
 h - 2 scrolls of remove curse
 j - a scroll of identify {unknown}
 n - a scroll of enchant armour {unknown}
Potions
 k - 2 potions of mutation {unknown}
 l - 2 potions of curing {unknown}
 p - 2 potions of degeneration {unknown}


   Skills:
 - Level 2.6 Fighting
 * Level 4.0 Maces & Flails
 - Level 1.5 Armour
 - Level 1.5 Dodging
 + Level 0.8 Shields


You had 2 spell levels left.
You didn't know any spells.
Your spell library was empty.

Dungeon Overview and Level Annotations

Branches:
Dungeon (2/15)

Altars:
Zin

Shops:
D:2 *


Innate Abilities, Weirdness & Mutations

You have extremely sharp teeth.
When hurt, damage is shared between your health and your magic reserves.
Your bite disrupts and absorbs the magic of your enemies.
Potions cannot restore your health.
You are immune to rotting.


Message History

The hobgoblin hits you.
You hit the hobgoblin but do no damage.
The hobgoblin is lightly wounded.
The hobgoblin hits you.
* * * LOW HITPOINT WARNING * * *
You closely miss the hobgoblin. Your bite misses the hobgoblin.
The hobgoblin is lightly wounded.
The hobgoblin hits you.
* * * LOW HITPOINT WARNING * * *
The hobgoblin hits you.
* * * LOW HITPOINT WARNING * * *
You barely miss the hobgoblin. Your bite misses the hobgoblin.
The hobgoblin is lightly wounded.
The hobgoblin barely misses you.
You aren't carrying any food.
Okay, then.
You hit the hobgoblin but do no damage.
The hobgoblin is lightly wounded.
The hobgoblin hits you.
You die...

########## .........#
.........# .........#
##### .........# ...
.........# #.# #
.........####.####.##
................@g>.#
..............#####.#
..............#
..............#
.........######
.........# ...#######
..... .....


You could see a hobgoblin.

Vanquished Creatures
  2 worms (D:2)
  A dart slug (D:1)
  A bat (D:2)
  3 giant cockroaches (D:1)
  4 goblins (D:2)
  4 hobgoblins
  11 jackals
  3 frilled lizards
  2 kobolds
  6 rats
37 creatures vanquished.

Notes
Turn   | Place    | Note
-------+----------+-------------------------------------------
     0 | D:1      | TheGoonsmith the Vine Stalker Berserker began the quest for
                  | the Orb.
     0 | D:1      | Reached XP level 1. HP: 11/11 MP: 2/2
   101 | D:1      | Reached skill level 3 in Maces & Flails
   394 | D:1      | Reached XP level 2. HP: 7/16 MP: 3/3
  1189 | D:2      | Reached XP level 3. HP: 19/19 MP: 4/4
  1646 | D:2      | Noticed a phantom
  2047 | D:2      | Found a glowing silver altar of Zin.
  2057 | D:2      | Reached ** piety under Trog
  2058 | D:2      | Found Zin's Purification Station.
  2086 | D:2      | Reached skill level 4 in Maces & Flails
  2683 | D:2      | Slain by a hobgoblin

Levels and vault maps discovered:
D:1:      tarquinn_simple_flora_water_f, layout_basic
D:2:      layout_basic, zin_purify

Skill      XL: |  1  2  3 |
---------------+----------+-----
Maces & Flails | 3 4 |  4.0
Fighting       | |  2.6
Armour         | |  1.5
Dodging        | |  1.5
Shields        | |  0.8

Action                   || total
-------------------------++-------
Melee: Mace              ||   123
       Bite              ||    28
Invok: Berserk           ||     6
       Trog's Hand       ||     1
  Use: Scroll            ||     4
  Eat: Chunk             ||     5
       Ration            ||     1
Armor: Animal skin       ||    22
Dodge: Dodged            ||    80
Block: Buckler           ||    21
